AoeStats
← Dragon

Arena

504526782Analyzed
1v1 RM · 27d ago on Sep 5, 2026· 28m 28s· 2 players
Game mode
Random Map
Map size
Tiny (2 player)
Population
200
Speed
Normal
Resources
Standard
Victory
Conquest
Starting age
Dark Age
Ending age
Imperial Age
RankedLock teamsTeams togetherTeam positionsShared explorationLock speedFull tech treeHidden civsTurbo modeCheats
Victory
Defeat
🇩🇪 Bohemians · Germany
1224
+16
🇺🇸 Muisca · United States
1220
-16
Embedded System
8:47 Feudal Age
8:28 Loom
13:22 Castle Age
12:11 Double-Bit Axe
14:22 Gold Mining
17:31 Fervor
17:14 Horse Collar
19:31 Bow Saw
20:04 Sanctity
22:47 Gold Shaft Mining
23:19 Wheelbarrow
24:11 Scale Mail Armor
24:49 Redemption
25:55 Atonement
Dragon
10:26 Feudal Age
11:13 Horse Collar
14:53 Castle Age
15:59 Light Cavalry
17:30 Fervor
18:17 Forging
19:50 Scale Barding Armor
23:01 Double-Bit Axe
23:54 Redemption
24:56 Atonement
24:52 Loom
24:51 Horse Collar
Connection lost

Rejoining the realm…

Still unreachable

The connection could not be restored.

Session expired

The server has moved on; the page needs a fresh start.